 Dungeon Crawl Stone Soup version 0.27.1-2-g3b301248ec (webtiles) character file.

Game seed: 77920491090341024

58572 Kinoniko the Bludgeoner (level 14, -37/157 HPs)
             Began as a Demonspawn Berserker on Oct 1, 2021.
             Was the Champion of Trog.
             Annihilated by an ettin (50 damage)
             ... on level 1 of the Orcish Mines.
             The game lasted 00:22:23 (25211 turns).

Kinoniko the Bludgeoner (Demonspawn Berserker)     Turns: 25211, Time: 00:22:23

Health: -37/157    AC: 39    Str: 21    XL:     14   Next: 50%
Magic:  14/14      EV: 14    Int: 11    God:    Trog [******]
Gold:   2403       SH: 12    Dex: 12    Spells: 13/13 levels left

rFire    . . .     SeeInvis .   J - +2 morningstar (protect)
rCold    . . .     Faith    +   K - +3 buckler of Distant Shores {+Inv}
rNeg     . . .     Spirit   .   q - +3 ring mail {rPois}
rPois    +         Reflect  .   o - +1 helmet
rElec    .         Harm     .   h - +1 cloak
rCorr    +         Rampage  .   (gloves unavailable)
Will     ++...                  c - +1 pair of boots
Stlth    ..........             N - amulet of faith
HPRegen  0.36/turn              B - ring of resist corrosion
MPRegen  0.14/turn              e - ring of willpower

@: berserking, sanguine armoured, under a protective aura, studying 2 skills,
silenced, very quick
A: claws 3, icemail 1, sanguine armour 3, condensation shield, demonic magic 1
a: Renounce Religion, Evoke Invisibility


You were on level 1 of the Orcish Mines.
You worshipped Trog.
Trog was exalted by your worship.
You visited 3 branches of the dungeon, and saw 20 of its levels.

You collected 3198 gold pieces.
You spent 795 gold pieces at shops.

Inventory:

Hand Weapons
 t - the +5 scythe "Finisher" {speed, eviscerate}
   (You found it on level 10 of the Dungeon)

   Attacks with this weapon are significantly faster.
   It may eviscerate those it strikes, slaying them instantly, with a decreasing
   chance against stronger foes.
 A - a +7 dire flail of chaos
 J - a +2 morningstar of protection (weapon)
 P - the +7 flail of Gaekaarel {vorpal, Will+}
   (You found it on level 4 of the Lair of Beasts)

   It inflicts extra damage upon your enemies.
   Will:      It increases your willpower.
Missiles
 a - 3 throwing nets (quivered)
Armour
 b - a +0 animal skin
 c - a +1 pair of boots (worn)
 f - a +0 ring mail
 h - a +1 cloak (worn)
 o - a +1 helmet (worn)
 q - a +3 ring mail of poison resistance (worn)
 u - a +0 scale mail
 K - the +3 buckler of Distant Shores (worn) {+Inv}
   (You found it on level 12 of the Dungeon)

   +Inv:      It lets you turn invisible.
Jewellery
 d - a +6 ring of intelligence
 e - a ring of willpower (right claw)
 v - a ring of ice
 B - a ring of resist corrosion (left claw)
 C - an amulet of reflection
 I - a ring of ice
 N - an amulet of faith (around neck)
 O - a ring of poison resistance
 R - a ring of fire
Wands
 k - a wand of digging (10)
 s - a wand of flame (33)
 z - a wand of charming (19)
 D - a wand of iceblast (24)
 G - a wand of paralysis (9)
 H - a wand of mindburst (15)
Scrolls
 g - 4 scrolls of fog
 j - 2 scrolls of amnesia
 l - 2 scrolls of holy word
 r - 4 scrolls of teleportation
 y - 4 scrolls of identify
 E - 2 scrolls of magic mapping
 T - a scroll of vulnerability
 U - a scroll of enchant armour
 X - a scroll of enchant weapon {unknown}
Potions
 i - 8 potions of curing
 m - 3 potions of lignification
 n - a potion of ambrosia
 p - 4 potions of berserk rage
 w - a potion of degeneration
 x - 5 potions of might
 F - 2 potions of magic
 L - a potion of heal wounds
 M - a potion of resistance
 Q - a potion of flight
 S - a potion of cancellation
 V - a potion of invisibility
 W - 2 potions of haste


   Skills:
 - Level 8.0 Fighting
 * Level 18.9 Maces & Flails
 + Level 7.1 Armour
 + Level 9.0 Dodging
 + Level 6.8 Shields


You had 13 spell levels left.
You didn't know any spells.
Your spell library contained the following spells:

 Spells                   Type           Power      Damage    Failure   Level
 Animate Skeleton         Necr           0%         N/A       47%         1
 Beastly Appendage        Tmut           0%         N/A       47%         1
 Freeze                   Ice            0%         1d3       47%         1
 Pain                     Necr           0%         1d4       47%         1
 Ensorcelled Hibernation  Hex/Ice        0%         N/A       63%         2
 Wereblood                Tmut           0%         N/A       63%         2
 Dazzling Flash           Conj/Hex       0%         N/A       85%         3
 Frozen Ramparts          Ice            0%         1d2       85%         3
 Gell's Gravitas          Tloc           0%         N/A       85%         3
 Ignite Poison            Fire/Tmut/Pois 0%         N/A       85%         3
 Lesser Beckoning         Tloc           0%         N/A       85%         3
 Mephitic Cloud           Conj/Pois/Air  0%         N/A       85%         3
 Spider Form              Tmut/Pois      0%         N/A       85%         3
 Teleport Other           Tloc           0%         N/A       85%         3
 Vampiric Draining        Necr           0%         2d6       85%         3
 Hailstorm                Conj/Ice       0%         3d3       99%         4
 Iskenderun's Mystic Bla  Conj/Tloc      0%         2d3       99%         4
 Agony                    Necr           0%         N/A       100%        5
 Bolt of Magma            Conj/Fire/Erth 0%         4d4       100%        5
 Excruciating Wounds      Necr           0%         N/A       100%        5
 Shadow Creatures         Summ           N/A        N/A       100%        6
 Starburst                Conj/Fire      0%         6d3       100%        6


Dungeon Overview and Level Annotations

Branches:
Dungeon (13/15)            Temple (0/1) D:6            Lair (6/6) D:11
  Swamp (0/4) Lair:2       Spider (0/4) Lair:2        Slime (0/5) Lair:5
    Orc (1/2) D:12
 Vaults: D:13-14

Altars:
Elyvilon
Fedhas
Makhleb
Okawaru
Trog
Wu Jian
Beogh

Shops:
D:2 :   D:10 ?   Orc:1 *

Annotations:
D:5 1 runed translucent door, kalagan's ghost, novice DECj
D:8 2 transporters, Quickbrownfox's ghost, novice MfGl
Orc:1 1 transporter, 1 runed translucent door


Innate Abilities, Weirdness & Mutations

You have claws for hands.
A meltable icy envelope protects you from harm. (AC +4)
When seriously injured, your bleeding wounds create very thick armour. (AC +12)
A meltable shield of frost defends you. (SH +4)
Spells you cast may paralyse adjacent enemies.


Message History

You are too injured to fight recklessly!
You are too injured to fight recklessly!
Unknown command.
You are too injured to fight recklessly!
You are too injured to fight recklessly!
Okay, then.
You are too injured to fight recklessly!
Okay, then.
You hit the troll.
The troll is heavily wounded.
You block the troll's attack. The troll misses you.
The troll claws you but does no damage.
You hit the troll but do no damage.
The troll is heavily wounded.
The troll bites you but does no damage. The troll claws you but does no damage.
The troll completely misses you.
You sock the troll!
The troll is severely wounded.
The troll misses you. You block the troll's attack. x2
You completely miss the troll.
The troll is heavily wounded.
The troll bites you! You block the troll's attack. x2
Unknown command.
A red film seems to cover your vision as you go berserk!
You feel yourself moving faster!
You feel mighty! You block the troll's attack. x3
The ettin misses you. The ettin barely misses you.
The moth of wrath goads the ettin on!
The ettin goes berserk!
Unknown command.
You bludgeon the ettin!!
The ettin is moderately wounded.
The troll misses you. x2; You block the troll's attack.
The ettin hits you with a +0 dire flail!!!
* * * LOW HITPOINT WARNING * * *
You block the ettin's attack.
You puncture the ettin!
The ettin is moderately wounded.
The troll bites you but does no damage. The troll closely misses you.
The troll claws you but does no damage.
The ettin hits you with a +0 dire flail!!!
You die... ###........ # #........ ## #### ## #..)))... .# eOoey#☼

#..).)... .### #########
#..)))).. ...# .......##
#....)... ...### . .......##
#.....).. ...#y#
.⌠..###CT.######........ ...####
...$#y#@..#y#...........
......##...$$####''###...........
......##..(): ##...##............
.....©##..![_+W#.÷©##©...........
......##..[$)###...##............
......##...$$ ###++###...........
...#### ...$ y#........... #..#y#
⌠.. ######........ ###### ..
#........


You could see an ettin (berserk), a deep elf elementalist (repels missiles), an
ogre mage, 3 moths of wrath, a deep elf pyromancer and a troll (berserk).

Vanquished Creatures
  3 hydras
  Harold (Lair:1)
  A centaur warrior (D:13)
  3 catoblepae (Lair:6)
  A boulder beetle (D:12)
  3 two-headed ogres
  6 death yaks (Lair:6)
  An orc high priest (Orc:1)
  Sonja (D:12)
  5 skeletal warriors
  Pikel (D:8)
  The ghost of DoubleLucky the Summoner, a novice TeSu of Qazlal (D:11)
  A deep elf pyromancer (D:12)
  2 ugly things
  3 manticores
  2 cyclopes
  5 elephants (Lair:4)
  4 black mambas
  8 cane toads
  5 rime drakes
  7 komodo dragons
  2 unseen horrors (D:12)
  A tengu conjurer (D:11)
  5 trolls
  3 meliai (D:13)
  2 jumping spiders (Lair:2)
  5 polar bears
  7 blink frogs
  Grinder (D:5)
  7 slime creatures
  5 dream sheep (Lair:4)
  2 redbacks (Lair:2)
  3 shadows
  6 wraiths (D:10)
  5 wyverns
  46 yaks
  6 vampire mosquitoes
  6 basilisks
  2 wargs
  2 steam dragons
  Edmund (D:6)
  An acid dragon (D:9)
  13 water moccasins
  2 hell hounds (Lair:4)
  Duvessa (D:6)
  3 ice beasts
  3 black bears
  21 orc warriors
  2 sky beasts
  4 ogres
  9 centaurs
  11 wolves
  A phantom (D:4)
  A lemure (D:8)
  5 bullfrogs
  3 gnoll sergeants
  3 kobold brigands
  Dowan (D:6)
  A wyvern skeleton (D:7)
  14 killer bees
  7 wights
  5 howler monkeys
  5 hounds
  A bullfrog zombie (D:6)
  A gnoll shaman (D:6)
  3 jellies
  3 centaur skeletons
  6 centaur zombies
  6 orc priests
  13 orc wizards
  Ijyb (D:5)
  Jessica (D:3)
  2 iguanas
  A hound skeleton (D:5)
  A howler monkey zombie (D:7)
  Robin (D:3)
  17 gnolls
  14 adders
  A river rat (D:10)
  2 ufetubi
  An adder zombie (D:4)
  2 worms
  5 dart slugs
  58 orcs
  4 ball pythons
  8 bats
  5 endoplasms
  A giant cockroach (D:4)
  15 goblins
  8 hobgoblins
  4 jackals
  3 quokkas
  3 frilled lizards
  13 kobolds
  2 rats (D:2)
503 creatures vanquished.

Vanquished Creatures (collateral kills)
  2 wights (D:8)
  An orc (D:8)
3 creatures vanquished.

Vanquished Creatures (others)
  28 fungi
  54 plants
  4 toadstools (D:7)
86 creatures vanquished.

Grand Total: 592 creatures vanquished

Notes
Turn   | Place    | Note
-------+----------+-------------------------------------------
     0 | D:1      | Kinoniko the Demonspawn Berserker began the quest for the
                  | Orb.
     0 | D:1      | Reached XP level 1. HP: 18/18 MP: 1/1
   343 | D:1      | Reached skill level 3 in Maces & Flails
   443 | D:1      | Found a faded altar of an unknown god.
   589 | D:1      | Gained mutation: When seriously injured, your bleeding
                  | wounds create armour. (AC +12) [demonic ancestry]
   589 | D:1      | Reached XP level 2. HP: 24/24 MP: 2/2
  1077 | D:2      | Found Jacvom's Book Shoppe.
  1082 | D:2      | Gained mutation: A meltable shield of frost defends you.
                  | (SH +4) [demonic ancestry]
  1082 | D:2      | Reached XP level 3. HP: 29/29 MP: 3/3
  1087 | D:2      | Reached skill level 4 in Maces & Flails
  1261 | D:2      | HP: 1/29 [poisoned by a kobold]
  1633 | D:2      | Reached ** piety under Trog
  1865 | D:2      | Reached XP level 4. HP: 35/35 MP: 4/4
  2106 | D:3      | Noticed Jessica
  2112 | D:3      | Killed Jessica
  2113 | D:3      | Reached skill level 5 in Maces & Flails
  2246 | D:3      | Noticed Robin
  2281 | D:3      | Killed Robin
  2282 | D:3      | Reached XP level 5. HP: 40/41 MP: 5/5
  2542 | D:3      | Reached *** piety under Trog
  2619 | D:3      | Reached skill level 6 in Maces & Flails
  2930 | D:4      | Gained mutation: You have sharp fingernails. [demonic
                  | ancestry]
  2930 | D:4      | Reached XP level 6. HP: 38/47 MP: 6/6
  3021 | D:4      | Reached skill level 7 in Maces & Flails
  3185 | D:4      | Reached XP level 7. HP: 52/52 MP: 7/7
  3895 | D:5      | Entered Level 5 of the Dungeon
  3982 | D:5      | Found the +5 robe of Night {Dark Will+ SInv}
  3982 | D:5      | Noticed Ijyb
  4006 | D:5      | Killed Ijyb
  4210 | D:5      | Noticed Grinder
  4225 | D:5      | Killed Grinder
  4226 | D:5      | Reached skill level 8 in Maces & Flails
  4627 | D:5      | Found a runed translucent door.
  4629 | D:5      | Noticed kalagan's ghost (novice DECj)
  4733 | D:5      | Reached skill level 9 in Maces & Flails
  4733 | D:5      | Reached XP level 8. HP: 58/58 MP: 8/8
  4927 | D:6      | Reached **** piety under Trog
  5043 | D:6      | Noticed Dowan
  5044 | D:6      | Noticed Duvessa
  5054 | D:6      | Killed Duvessa
  5068 | D:6      | Killed Dowan
  5371 | D:6      | Noticed Edmund
  5388 | D:6      | Killed Edmund
  5389 | D:6      | Reached skill level 10 in Maces & Flails
  5789 | D:6      | Found a staircase to the Ecumenical Temple.
  5913 | D:6      | Reached skill level 11 in Maces & Flails
  5913 | D:6      | Gained mutation: When seriously injured, your bleeding
                  | wounds create thick armour. (AC +12) [demonic ancestry]
  5913 | D:6      | Reached XP level 9. HP: 53/63 MP: 9/9
  6039 | D:6      | Found a blossoming altar of Fedhas.
  6233 | D:7      | Noticed a cyclops
  6243 | D:7      | Killed a cyclops
  6453 | D:7      | Reached skill level 12 in Maces & Flails
  6693 | D:7      | Found a burning altar of Makhleb.
  7381 | D:8      | Noticed Pikel
  7391 | D:8      | Killed Pikel
  7404 | D:8      | Reached skill level 13 in Maces & Flails
  7412 | D:8      | Gained mutation: A meltable icy envelope protects you from
                  | harm. (AC +4) [demonic ancestry]
  7412 | D:8      | Reached XP level 10. HP: 56/70 MP: 10/10
  7663 | D:8      | Noticed Quickbrownfox's ghost (novice MfGl)
  7672 | D:8      | Found a transporter.
  7698 | D:8      | Found a transporter.
  7875 | D:8      | Reached ***** piety under Trog
  8391 | D:9      | Reached skill level 14 in Maces & Flails
  8585 | D:9      | Noticed a two-headed ogre
  8598 | D:9      | Killed a two-headed ogre
  9180 | D:9      | Noticed a two-headed ogre
  9183 | D:9      | Noticed a cyan ugly thing
  9241 | D:9      | Killed a two-headed ogre
  9242 | D:9      | Reached skill level 5 in Fighting
  9242 | D:9      | Gained mutation: You have very sharp fingernails. [demonic
                  | ancestry]
  9242 | D:9      | Reached XP level 11. HP: 79/79 MP: 11/11
  9249 | D:9      | Killed a cyan ugly thing
  9289 | D:10     | Entered Level 10 of the Dungeon
  9643 | D:10     | Reached skill level 15 in Maces & Flails
  9955 | D:10     | Noticed a skeletal warrior
  9955 | D:10     | Found the +5 scythe "Finisher" {speed, eviscerate}
  9966 | D:10     | Killed a skeletal warrior
 10142 | D:10     | Found Gethriokk's Magic Scroll Shop.
 10290 | D:10     | Found an iron altar of Okawaru.
 10365 | D:10     | Found an ornate altar of the Wu Jian Council.
 10763 | D:10     | Bought a scroll of acquirement for 520 gold pieces
 10763 | D:10     | Acquired 966 gold pieces
 10765 | D:10     | Bought a scroll of magic mapping for 35 gold pieces
 10765 | D:10     | Bought a scroll of enchant armour for 75 gold pieces
 10765 | D:10     | Bought a scroll of teleportation for 30 gold pieces
 10765 | D:10     | Bought a scroll of blinking for 75 gold pieces
 10765 | D:10     | Bought a scroll of teleportation for 30 gold pieces
 10765 | D:10     | Bought a scroll of teleportation for 30 gold pieces
 11321 | D:11     | Noticed a five-headed hydra
 11331 | D:11     | Killed a five-headed hydra
 11396 | D:11     | Found a staircase to the Lair.
 11473 | D:11     | Noticed a six-headed hydra
 11475 | D:11     | Banished a six-headed hydra
 11695 | D:11     | Reached skill level 16 in Maces & Flails
 11770 | D:11     | Found a runed translucent door.
 11775 | D:11     | Noticed DoubleLucky's ghost (novice TeSu)
 11809 | D:11     | Killed DoubleLucky's ghost
 11809 | D:11     | Received a gift from Trog
 11810 | D:11     | Gained mutation: Spells you cast may paralyse adjacent
                  | enemies. [demonic ancestry]
 11810 | D:11     | Reached XP level 12. HP: 48/91 MP: 12/12
 12794 | D:12     | Identified the +3 buckler of Distant Shores {+Inv}
 13037 | D:12     | Found a staircase to the Orcish Mines.
 13053 | D:12     | Reached skill level 1 in Shields
 13239 | D:12     | Noticed Sonja
 13251 | D:12     | Killed Sonja
 13844 | D:12     | Noticed a boulder beetle
 13847 | D:12     | Noticed a boulder beetle
 14143 | Lair:1   | Entered Level 1 of the Lair of Beasts
 14446 | Lair:1   | Noticed Harold
 14461 | Lair:1   | Killed Harold
 15333 | Lair:2   | Noticed a four-headed hydra
 15345 | Lair:2   | Killed a four-headed hydra
 15535 | Lair:2   | Found a hole to the Spider Nest.
 15652 | Lair:2   | You fall into a shaft and drop 1 floor!
 15765 | Lair:3   | Reached skill level 17 in Maces & Flails
 15839 | Lair:2   | Gained mutation: When seriously injured, your bleeding
                  | wounds create very thick armour. (AC +12) [demonic
                  | ancestry]
 15839 | Lair:2   | Reached XP level 13. HP: 80/98 MP: 13/13
 16257 | Lair:2   | Found a staircase to the Swamp.
 16967 | Lair:2   | Acquired a manual of Dodging
 17060 | Lair:3   | You fall into a shaft and drop 1 floor!
 17815 | Lair:4   | Reached skill level 5 in Dodging
 17959 | Lair:4   | Reached skill level 5 in Armour
 17980 | Lair:4   | Received a gift from Trog
 18050 | Lair:4   | Found a bloodstained altar of Trog.
 18097 | Lair:4   | Reached ****** piety under Trog
 18339 | Lair:4   | Identified the +7 flail of Gaekaarel {vorpal, Will+}
 18409 | Lair:4   | Reached skill level 5 in Shields
 18885 | Lair:5   | Found a staircase to the Slime Pits.
 19686 | Lair:5   | Received a gift from Trog
 19864 | Lair:6   | Entered Level 6 of the Lair of Beasts
 20051 | Lair:6   | Acquired a manual of Maces & Flails
 20269 | Lair:6   | Reached skill level 18 in Maces & Flails
 20279 | Lair:6   | Gained mutation: You have claws for hands. [demonic
                  | ancestry]
 20279 | Lair:6   | Reached XP level 14. HP: 96/105 MP: 14/14
 24039 | Orc:1    | Entered Level 1 of the Orcish Mines
 24139 | Orc:1    | Found a transporter.
 24687 | Orc:1    | Found Qelel's Assorted Antiques.
 24949 | Orc:1    | Received a gift from Trog
 25093 | Orc:1    | Found a bloodstained altar of Trog.
 25093 | Orc:1    | Found the +8 Wrath of Trog {antimagic, *Rage Rampage}
 25182 | Orc:1    | Found a transporter.
 25182 | Orc:1    | Found a runed translucent door.
 25186 | Orc:1    | Noticed a deep elf elementalist
 25211 | Orc:1    | Annihilated by an ettin

Illustrated notes

Levels and vault maps discovered:
D:1:      dpeg_arrival_refuge, layout_loops_cross,
          shapermc_ecumenical_altar_totnotflames, grunt_decor_mini_mirrors,
          minmay_strange_pillars, chequers_serial_rivers_micro_c
D:2:      layout_rooms, serial_shops, shop
D:3:      layout_basic, minivault_11, minmay_misc_feat_x, uniq_robin,
          uniq_jessica
D:4:      minmay_chambers_of_fours, layout_cave_pods
D:5:      layout_gridville, ebering_ghost_reflecting_pool, uniq_grinder,
          uniq_ijyb
D:6:      layout_loops_ring, fedhas_altar_fruit_tree, temple_fountains,
          kennysheep_generic_room_16, uniq_edmund, uniq_duvessa
D:7:      layout_layer_cave, makhleb_heckhound_becter, minmay_gold_behind_fungi,
          minmay_misc_feat_columns
D:8:      layout_basic, mainiacjoe_overflow_paths, gammafunk_ghost_arena,
          glass_columns_c, minivault_27, minmay_unpleasant_kobolds, uniq_pikel
D:9:      layout_big_octagon, evilmike_minifort
D:10:     layout_gridville, lemuel_coloured_pillars_altar,
          overflow_temple_1_default, serial_shops, nicolae_shop_waterfront,
          hex_tiny, minmay_guarded_unrand_finisher
D:11:     layout_irregular_city, lair_entry_dummy, ebering_ghost_inner_flame,
          chequers_serial_rivers_large_a, kennysheep_decorative_pillar
D:12:     layout_loops_corners, erik_orc_3, glass_columns_a, uniq_sonja
D:13:     layout_roguey, hangedman_vaults_entry_quadrant_bands, uniq_erolcha,
          uniq_nessos
Lair:1:   layout_cave_pods, serial_rivers, chequers_serial_rivers_room_b,
          chequers_serial_rivers_marsh, chequers_serial_rivers_micro_a,
          chequers_serial_rivers_micro_e, chequers_serial_rivers_small_b,
          uniq_harold
Lair:2:   layout_cave_pods, minmay_swamp_entry_swarm, spider_nest_entry_a
Lair:3:   layout_loops_ring
Lair:4:   layout_cave_shapes, enter_volcano_3, basic_altar
Lair:5:   minmay_lair_venomous_thicket, layout_misc_corridors,
          minmay_slime_entry_pillars, grunt_forest_small_clearings
Lair:6:   evilmike_catoblepas_cave, layout_regular_city, st_stairs_13,
          lemuel_fruit_fields
Orc:1:    emtedronai_trogs_sanctum, layout_diamond_mine, basic_altar,
          serial_shops, nicolae_shop_behind_doors, mines2_david

Skill      XL: |  1  2  3  4  5  6  7  8  9 10 11 12 13 14 |
---------------+-------------------------------------------+-----
Maces & Flails | 3 4 5 6 7 9 11 13 14 16 17 18 | 18.9
Fighting       | 5 7 8 |  8.0
Armour         | 4 6 7 |  7.1
Dodging        | 4 7 9 |  9.0
Shields        | 3 5 6 |  6.8

Action                   |  1- 3 |  4- 6 |  7- 9 | 10-12 | 13-15 || total
-------------------------+-------+-------+-------+-------+-------++-------
Melee: Mace              |    97 |   119 |   145 |       |       ||   361
       Flail             |       |       |    69 |       |   364 ||   433
       Dire flail        |       |       |   123 |   421 |       ||   544
       Morningstar       |       |       |       |   348 |   549 ||   897
Invok: Berserk           |     2 |     4 |    12 |    18 |    13 ||    49
       Brothers in Arms  |       |       |     1 |     1 |       ||     2
  Use: Scroll            |       |       |     7 |    10 |     7 ||    24
       Potion            |       |       |       |     8 |     1 ||     9
 Stab: Sleeping          |     1 |       |       |       |       ||     1
       Invisible         |       |       |       |     1 |       ||     1
       Petrified         |       |       |       |       |     4 ||     4
Armor: Ring mail         |    43 |    40 |   138 |   266 |   339 ||   826
       Animal skin       |     7 |       |       |       |       ||     7
       Scale mail        |       |     6 |    24 |       |       ||    30
Dodge: Dodged            |    76 |    62 |   143 |   238 |   355 ||   874
Block: Other             |    11 |    20 |    58 |   162 |       ||   251
       Reflection        |       |       |     2 |    17 |       ||    19
       Buckler           |       |       |       |   215 |   488 ||   703
